 Dungeon Crawl Stone Soup version 0.27-a0-216-g1fbed8a51c (webtiles) character file.

Game seed: 12301192205306097767

29 knot the Chopper (level 3, 2/43 HPs)
             Began as a Demonspawn Berserker on Feb 1, 2021.
             Was a Follower of Trog.
             Quit the game on level 2 of the Dungeon.
             The game lasted 00:00:42 (1274 turns).

knot the Chopper (Demonspawn Berserker)             Turns: 1274, Time: 00:00:43

Health: 2/43       AC:  4    Str: 17    XL:     3   Next: 1%
Magic:  3/3        EV: 12    Int:  9    God:    Trog [*.....]
Gold:   93         SH:  0    Dex: 12    Spells: 2/2 levels left

rFire    . . .     SeeInvis .   a - +0 hand axe
rCold    . . .     Faith    .   (no shield)
rNeg     . . .     Spirit   .   b - +0 animal skin
rPois    .         Reflect  .   (no helmet)
rElec    .         Harm     .   (no cloak)
rCorr    .         Rampage  .   (no gloves)
Will     .....                  (no boots)
Stlth    ..........             (no amulet)
HPRegen  0.14/turn              (no ring)
MPRegen  0.08/turn              (no ring)

@: berserking, very quick
A: slimy green scales 1, powered by death 1
a: Renounce Religion, Berserk


You were on level 2 of the Dungeon.
You worshipped Trog.
Trog was aware of your devotion.
You visited 1 branch of the dungeon, and saw 2 of its levels.

You collected 93 gold pieces.

Inventory:

Hand Weapons
 a - a +0 hand axe (weapon)
Missiles
 c - 42 stones
 f - 7 javelins
 n - 3 curare-tipped darts
 p - 25 sling bullets
Armour
 b - a +0 animal skin (worn)
Scrolls
 e - 2 scrolls of identify {unknown}
 h - 2 scrolls of noise {unknown}
 j - a scroll of remove curse {unknown}
 k - a scroll of fear {unknown}
 m - a scroll of enchant weapon {unknown}
 o - a scroll of enchant armour {unknown}
Potions
 d - a potion of heal wounds {unknown}
 g - 2 potions of mutation {unknown}
 i - 3 potions of curing {unknown}
 l - a potion of degeneration {unknown}


   Skills:
 - Level 3.0 Fighting
 + Level 3.8 Axes
 - Level 1.7 Armour
 - Level 1.7 Dodging


You had 2 spell levels left.
You didn't know any spells.
Your spell library was empty.

Dungeon Overview and Level Annotations

Branches:
Dungeon (2/15)

Altars:
Elyvilon
Sif Muna


Innate Abilities, Weirdness & Mutations

You are partially covered in slimy green scales. (AC +2)
You regenerate a little health from kills.


Message History

* * * LOW HITPOINT WARNING * * *
You convulse!
* * * LOW HITPOINT WARNING * * *
You closely miss the orc.
The orc is moderately wounded.
The orc barely misses you.
You hit the orc but do no damage.
The orc is moderately wounded.
The orc barely misses you.
You closely miss the orc.
The orc is moderately wounded.
You slash the orc!
You kill the orc!
Trog accepts your kill.
You have reached level 3!
Your experience leads to an increase in your attributes!
Increase (S)trength, (I)ntelligence, or (D)exterity?
You feel clever.
Your demonic ancestry asserts itself...
Slimy green scales grow over part of your body.
Are you sure you want to abandon this character and quit the game? (Confirm with "yes".)

........ .. ..#.#.# #.#
##.........# #.
#..#.#.#.#>#
#..#..........#
#......$#.#...#
.........†)...# #..@#
#..###..# #...?...#
#.#####.##.#
#..####.##.......#
#.............#
#######.##.####
###.##.##########
##...........>........#


There were no monsters in sight!

Vanquished Creatures
  An ooze (D:1)
  A leopard gecko (D:1)
  An orc (D:2)
  A ball python (D:1)
  A giant cockroach (D:2)
  A hobgoblin (D:1)
  5 jackals
  A kobold (D:1)
  4 bats
  A goblin (D:2)
  5 rats
22 creatures vanquished.

Notes
Turn   | Place    | Note
-------+----------+-------------------------------------------
     0 | D:1      | knot the Demonspawn Berserker began the quest for the Orb.
     0 | D:1      | Reached XP level 1. HP: 18/18 MP: 1/1
   403 | D:1      | Gained mutation: You regenerate a little health from kills.
                  | [demonic ancestry]
   403 | D:1      | Reached XP level 2. HP: 21/24 MP: 2/2
  1124 | D:2      | Found a shimmering blue altar of Sif Muna.
  1194 | D:2      | Found a white marble altar of Elyvilon.
  1269 | D:2      | HP: 1/36 [orc/+1 falchion of holy wrath (8)]
  1274 | D:2      | Gained mutation: You are partially covered in slimy green
                  | scales. (AC +2) [demonic ancestry]
  1274 | D:2      | Reached XP level 3. HP: 2/29 MP: 3/3
  1274 | D:2      | Quit the game

Illustrated notes

Levels and vault maps discovered:
D:1:      minmay_arrival_split_and_join, layout_loops_ring, chequers_avenue
D:2:      layout_loops_ring, elyvilon_altar_5, old_standard_altar, st_stairs_2,
          minmay_misc_feat_enclosed

Skill      XL: |  1 |
---------------+----+-----
Axes           | 3 |  3.8
Fighting       | |  3.0
Armour         | |  1.7
Dodging        | |  1.7

Action                   || total
-------------------------++-------
Melee: Hand axe          ||    58
Invok: Berserk           ||     1
 Stab: Sleeping          ||     1
Armor: Animal skin       ||     9
Dodge: Dodged            ||    42

Table legend: (Time is in decaauts)
 A = Elapsed time spent in this place.
 B = Non-inter-level travel time spent in this place.
 C = Inter-level travel time spent in this place.
 D = Time resting spent in this place.
 E = Time spent auto-exploring this place.
 F = Levels seen in this place.
 G = Mean time per level.
                   A        B        C        D        E       F      G
               +--------+--------+--------+--------+--------+-----+--------+
         Total |   1279 |   1242 |     37 |      0 |   1106 |   2 |  639.5 |
       Dungeon |   1279 |   1242 |     37 |      0 |   1106 |   2 |  639.5 |
               +--------+--------+--------+--------+--------+-----+--------+

Top non-repeatable levels by time:
     D:1: 1013 daAuts
     D:2: 265 daAuts
